Map: New Repugnancy LE

Players

Impact

  • Race: Zerg Zerg
  • Spawn Location: 7:00

Lambo - Winner!

  • Race: Zerg Zerg
  • Spawn Location: 1:00

Event: IEM Season 13: Katowice (2019)

VOD

Have the link to the VOD?

Description

Time

  • Played on: Feb. 26, 2019, 12:52 p.m.
  • Length: 8:51

All games in this series

Show
View Real Time Build Order
Export as new Build Order

Impact Zerg 

Build Orders: Pool First 

Get SALT Encoding   

  12  0:17  Spawning Pool  
  11  0:21  Drone  
  11  0:26  Drone  
  13  0:30  Drone  
  14  0:39  Overlord  
  14  1:03  Zergling x4  
  16  1:04  Zergling x2  
  17  1:15  Zergling x2  
  18  1:18  Hatchery  
  17  1:28  Zergling x2  
  18  1:33  Queen  
  18  1:37  Zergling x2  
  21  1:47  Overlord  
  21  1:59  Drone  
  22  2:09  Drone  
  22  2:10  Queen  
  25  2:20  Drone  
  25  2:30  Queen  
  25  2:32  Drone  
  25  2:36  Drone  
  24  2:40  Drone  
  24  2:41  Drone x2  
  24  2:42  Drone  
  28  2:46  Drone  
  29  2:54  Extractor  
  29  2:55  Drone  
  29  2:59  Queen  
  29  3:03  Drone  
  32  3:11  Drone  
  33  3:13  Drone  
  33  3:15  Drone  
  33  3:16  Drone  
  33  3:19  Overlord  
  36  3:31  Overlord  
  36  3:38  Zergling x2, Drone  
  36  3:39  Drone x3  
  41  3:43  Drone  
  42  3:49  Drone  
  42  3:55  Drone  
  44  3:56  Roach Warren  
  44  3:58  Evolution Chamber  
  44  3:59  Drone  
  44  4:00  Drone  
  44  4:01  Drone  
  45  4:04  Drone  
  45  4:06  Lair  
  46  4:10  Extractor  
  46  4:11  Extractor  
  46  4:12  Drone  
  46  4:16  Drone  
  48  4:17  Drone x2  
  48  4:19  Drone  
  48  4:20  Drone  
  50  4:28  Drone  
  50  4:36  Hatchery  
  50  4:38  Zerg Missile Weapons Level 1  
  49  4:43  Roach  
  51  4:47  Overlord x2  
  51  4:49  Drone  
  52  5:05  Roach x3  
  52  5:06  Roach x4  
  66  5:12  Glial Reconstitution  
  66  5:17  Roach  
  66  5:18  Overlord x2  
  68  5:22  Overlord  
  68  5:36  Roach x4  
  68  5:37  Roach x2  
  68  5:38  Roach  
  82  5:44  Overseer  
  82  5:45  Overlord  
  82  5:46  Overlord  
  82  5:49  Roach  
  84  5:52  Roach  
  84  5:54  Roach  
  88  5:57  Roach  
  88  6:02  Roach  
  88  6:04  Roach  
  94  6:07  Roach  
  94  6:09  Roach  
  98  6:12  Overlord x2  
  98  6:14  Roach  
  98  6:17  Roach  
  102  6:22  Overseer  
  102  6:25  Roach  
  104  6:27  Roach  
  104  6:31  Roach  
  108  6:37  Roach x2  
  112  6:42  Drone x7  
  112  6:45  Extractor, Drone  
  119  6:52  Drone  
  120  6:55  Overlord  
  120  7:01  Drone x4  
  124  7:06  Overlord  
  112  7:16  Roach x4  
  112  7:20  Roach x3  
  108  7:25  Roach  
  108  7:27  Roach  
  108  7:29  Roach x2  
  102  7:31  Extractor  
  102  7:32  Roach  
  102  7:35  Overlord  
  103  7:38  Roach  
  105  7:45  Queen  
  105  7:46  Roach x2  
  105  7:47  Roach  
  105  7:50  Roach x2  
  117  7:54  Roach  
  117  7:55  Roach  
  117  7:57  Roach  
  123  8:01  Roach  
  123  8:03  Roach  
  123  8:04  Roach  
  129  8:06  Roach  
  129  8:10  Overlord  
  129  8:12  Ravager  
  132  8:15  Roach x2  
  136  8:23  Roach x3  
  136  8:24  Roach x2  
  146  8:29  Roach  
  146  8:32  Roach  
Show
View Real Time Build Order
Export as new Build Order

Lambo Zerg - Winner!

Build Orders: Hatch First 

Get SALT Encoding   

  12  0:00  Drone  
  13  0:12  Overlord  
  13  0:17  Drone  
  14  0:30  Drone  
  14  0:31  Drone  
  16  0:48  Hatchery  
  15  0:52  Drone  
  15  0:55  Drone  
  17  0:58  Drone  
  18  1:09  Extractor  
  17  1:13  Spawning Pool  
  17  1:16  Drone  
  17  1:19  Drone  
  18  1:27  Drone  
  19  1:59  Zergling x6  
  19  2:00  Queen x2  
  19  2:01  Zergling x2  
  26  2:16  Zergling x4  
  27  2:29  Drone  
  27  2:31  Drone  
  27  2:33  Drone  
  24  2:46  Overlord  
  24  2:47  Drone  
  24  2:50  Drone  
  26  2:55  Drone  
  27  3:09  Drone x5  
  27  3:12  Drone  
  33  3:16  Drone  
  33  3:18  Drone  
  35  3:21  Drone  
  35  3:25  Overlord  
  36  3:39  Evolution Chamber  
  36  3:41  Drone  
  36  3:43  Hatchery  
  36  3:46  Drone x2  
  38  3:48  Drone  
  38  3:50  Drone  
  38  3:53  Drone  
  38  3:55  Drone  
  40  4:00  Drone x3  
  43  4:04  Overlord  
  43  4:06  Drone  
  43  4:10  Zerg Missile Weapons Level 1  
  43  4:12  Extractor  
  42  4:18  Drone  
  42  4:21  Roach Warren  
  42  4:24  Drone x4  
  45  4:27  Drone x2  
  45  4:29  Drone  
  45  4:31  Drone  
  50  4:32  Drone  
  50  4:37  Extractor  
  50  4:42  Lair  
  50  4:44  Overlord  
  50  4:50  Drone  
  50  4:52  Overlord  
  51  4:54  Queen  
  51  4:56  Drone x3  
  51  4:58  Drone  
  57  5:03  Overlord  
  57  5:05  Drone  
  58  5:12  Roach x2  
  61  5:17  Roach x2  
  65  5:22  Roach x2  
  65  5:23  Roach x2  
  65  5:25  Overlord  
  65  5:28  Roach  
  75  5:29  Overlord  
  75  5:31  Extractor  
  75  5:33  Roach  
  75  5:35  Overlord  
  76  5:39  Drone x3  
  76  5:40  Glial Reconstitution  
  79  5:47  Overlord  
  79  5:50  Overlord  
  79  5:51  Roach x2  
  79  5:53  Roach  
  79  5:56  Roach x2  
  89  6:07  Roach x5  
  89  6:10  Roach x2  
  103  6:11  Extractor  
  103  6:15  Roach x2  
  106  6:19  Roach  
  106  6:20  Roach x2  
  106  6:22  Overlord  
  106  6:23  Overseer  
  112  6:27  Roach  
  112  6:28  Overlord  
  112  6:30  Overlord  
  115  6:34  Overlord  
  115  6:36  Overlord  
  115  6:38  Overlord  
  115  6:41  Overlord  
  115  6:43  Roach  
  115  6:44  Ravager x2  
  115  6:46  Roach  
  121  6:50  Overlord  
  121  6:51  Roach  
  123  6:56  Roach x3  
  129  7:03  Roach  
  129  7:05  Roach x2  
  141  7:08  Roach x3  
  141  7:10  Roach  
  141  7:14  Roach x2  
  141  7:16  Roach  
  141  7:20  Roach  
  141  7:22  Roach x2  
  133  7:26  Roach x2  
  133  7:27  Roach  
  129  7:32  Roach x2  
  129  7:34  Roach  
  129  7:37  Roach  
  137  7:40  Roach x2  
  137  7:42  Roach  
  143  7:46  Roach x2  
  143  7:49  Roach  
  151  7:51  Roach  
  151  7:55  Roach x2  
  155  8:00  Roach  
  155  8:02  Roach  
  163  8:05  Roach x2  
  163  8:08  Roach  
  163  8:12  Roach x2  
  169  8:14  Overlord  
  169  8:18  Overlord  
  169  8:20  Overlord  
  169  8:30  Roach  
  169  8:31  Roach x3  

Tags
 
Add a new tag
Caveats
  • Supply blocks, unpowered buildings, or Contaminate may cause inaccurate times.
  • Supply counts are checked every 10 seconds.